 Dungeon Crawl Stone Soup version 0.31.0-12-g77e489cdc1 (webtiles) character file.

Game seed: 9718251034829328469

83 lordive the Shield-Bearer (level 4, -3/28 (31) HPs)
             Began as an Octopode Fighter on Mar 2, 2024.
             Slain by a gnoll
             ... wielding a +0 spear
              (7 damage)
             ... on level 3 of the Dungeon.
             The game lasted 00:02:33 (1320 turns).

lordive the Shield-Bearer (Octopode Fighter)        Turns: 1320, Time: 00:02:33

HP:   -3/28 (31)    AC:  1    Str: 15    XL:     4   Next: 44%
MP:   4/4           EV: 13    Int: 10    God:
Gold: 85            SH:  5    Dex: 13    Spells: 3/3 levels left

rFire   . . .        a - +0 long sword
rCold   . . .        b - +0 buckler
rNeg    . . .        (helmet currently unavailable)
rPois   .            (no amulet)
rElec   .            (no ring)
rCorr   .            (no ring)
SInv    .            (no ring)
Will    .....        (no ring)
Stlth   +++          (no ring)
HPRegen 0.24/turn    (no ring)
MPRegen 0.09/turn    (no ring)
                     (no ring)

%: no passive effects
@: beast-form, drained
A: beast (slay +0), almost no armour, amphibious, 8 rings, camouflage 1,
gelatinous body 1, (nimble swimmer 1), tentacles
a: Begin Untransformation


You were on level 3 of the Dungeon.
You were a hulking beast.
You visited 1 branch of the dungeon, and saw 3 of its levels.

You collected 85 gold pieces.

Inventory:

Hand Weapons
 a - a +0 long sword (weapon)
 n - a +1 short sword of draining
Armour
 b - a +0 buckler (worn)
Talismans
 e - a beast talisman (active)
Scrolls
 f - 2 scrolls of fear {unknown}
 g - a scroll of blinking {unknown}
 h - 2 scrolls of identify {unknown}
 i - 2 scrolls of immolation {unknown}
 p - a scroll of noise {unknown}
 q - a scroll of poison {unknown}
Potions
 c - a potion of might
 d - a potion of curing {unknown}
 j - a potion of mutation {unknown}
 k - a potion of ambrosia {unknown}
 l - a potion of cancellation {unknown}
 m - a potion of invisibility {unknown}
 o - a potion of haste {unknown}


   Skills:
 + Level 3.3 Fighting
 + Level 2.6 Long Blades
 + Level 3.4 Dodging
 + Level 2.1 Stealth
 + Level 3.4 Shields
 * Level 1.1 Shapeshifting


You had 3 spell levels left.
You didn't know any spells.
Your spell library was empty.

Dungeon Overview and Level Annotations

Branches:
Dungeon (3/15)

Altars:

Shops:
D:2 !


Innate Abilities, Weirdness & Mutations

You are a hulking beast.
Your limbs bulge with bestial killing power. (Slay +0)
You cannot wear most types of armour.
You are amphibious.
You can wear up to eight rings at the same time.
Your skin changes colour to match your surroundings (Stealth+).
Your rubbery body absorbs attacks. (AC +1, EV +1)
((You are camouflaged when in or above water. (Stealth+)))
You have tentacles for arms and can constrict up to eight enemies at once.


Message History

You kill the hobgoblin!
Found a flux talisman and a scroll labelled WABBAP MAGORCH.
A gnoll comes into view. It is wielding a +0 spear.
A gnoll comes into view. It is wielding a +0 spear.
The helpless gnoll fails to defend itself.
You slash the gnoll! You grab the gnoll. You squeeze the gnoll.
The gnoll is almost dead.
You constrict the gnoll.
You kill the gnoll!
Your Stealth skill increases to level 2!
Your Shapeshifting skill increases to level 1!
A gnoll comes into view. It is wielding a +1 whip of draining.
Things that are here:
a +0 halberd; a gnoll corpse The gnoll shouts!
You hear a shout!
The gnoll hits you from afar with a +0 spear.
The gnoll misses you.
The gnoll hits you with a +1 whip of draining!
You feel drained. The gnoll attacks as it pursues you!
The gnoll hits you with a +1 whip of draining!
You feel drained.
You closely miss the gnoll. Your grab misses the gnoll.
The gnoll closely misses you. x2
You hit the gnoll. You grab the gnoll.
The gnoll is moderately wounded.
You constrict the gnoll.
The gnoll hits you with a +1 whip of draining!
* * * LOW HITPOINT WARNING * * *
You feel drained. The gnoll completely misses you. The gnoll barely misses you.
You slash the gnoll!
You kill the gnoll!
You block the gnoll's attack.
The gnoll hits you from afar with a +0 spear.
* * * LOW HITPOINT WARNING * * *
Unknown command.
Okay, then.
The gnoll attacks as it pursues you!
The gnoll hits you from afar with a +0 spear!
You die...

#.# #.#####?#.## #.#
##...........
#.######........# #
##...†.##.......)#..#
#.(....##...........#
###......##........#...#
#.........#.......%#...#
..####.......##.#####.....#
............h.g.............
.####...###.##.#####.#...###
..#.####...###.##... ..#...#
...................## .#...#
..#.####...........#
...................#
#..######...##.###..# #.
#>..........#
#..######...##.#.


You could see a gnoll.

Vanquished Creatures
  2 gnolls (D:3)
  2 adders (D:2)
  2 dart slugs
  A ribbon worm (D:2)
  4 bats (D:1)
  4 endoplasms
  2 giant cockroaches
  3 goblins
  2 hobgoblins
  6 kobolds
  2 quokkas
  3 ball pythons
  A frilled lizard (D:1)
  4 rats (D:2)
38 creatures vanquished.

Notes
Turn   | Place    | Note
-------+----------+-------------------------------------------
     0 | D:1      | lordive the Octopode Fighter began the quest for the Orb.
     0 | D:1      | Reached XP level 1. HP: 16/16 MP: 1/1
     6 | D:1      | Noticed a ghoul
    15 | D:1      | Noticed a minotaur skeleton
    15 | D:1      | Noticed an elf
    19 | D:1      | Noticed a formicid
   101 | D:1      | Found a faded altar of an unknown god.
   302 | D:1      | Reached XP level 2. HP: 21/21 MP: 2/2
   737 | D:2      | Reached skill level 1 in Stealth
   739 | D:2      | Reached XP level 3. HP: 21/26 MP: 3/3
  1105 | D:2      | Found Arrew's Distillery.
  1116 | D:2      | Reached XP level 4. HP: 31/31 MP: 4/4
  1303 | D:3      | Reached skill level 1 in Shapeshifting
  1320 | D:3      | Slain by a gnoll

Illustrated notes

Levels and vault maps discovered:
D:1:      shiori_arrival_whats_in_store_for_you, layout_loops_ring,
          hellmonk_ecumenical_altar_run_dry
D:2:      layout_basic, serial_shops, nicolae_shop_hallway_plus,
          minmay_splitting_lines, minmay_tromino_v7
D:3:      layout_basic, mainiacjoe_overflow_alcove_4,
          gammafunk_ghost_necromancy, serial_shops, shop

Skill      XL: |  1  2  3  4 |
---------------+-------------+-----
Stealth        | 1 2 |  2.1
Shapeshifting  | 1 |  1.1
Fighting       | |  3.3
Long Blades    | |  2.6
Dodging        | |  3.4
Shields        | |  3.4

Action                     |  1- 3 |  4- 6 || total
---------------------------+-------+-------++-------
  Melee: Long sword        |    53 |    12 ||    65
         Constrict         |    14 |     4 ||    18
         Tentacles         |    12 |     1 ||    13
         Punch             |     1 |       ||     1
   Stab: Sleeping          |     6 |     3 ||     9
 Armour: Skin              |    23 |     7 ||    30
  Dodge: Dodged            |    37 |     7 ||    44
  Block: Buckler           |     7 |     4 ||    11
   Form: Beast             |     1 |       ||     1
